 Dungeon Crawl Stone Soup version 0.21-a0-401-g0b6bec4 (webtiles) character file.

7 Ijustatesigmund the Grasshopper (level 1, -1/10 HPs)
             Began as a Spriggan Warper on Oct 25, 2017.
             Slain by a worm (7 damage)
             ... on level 2 of the Dungeon.
             The game lasted 00:01:18 (795 turns).

Ijustatesigmund the Grasshopper (Spriggan Warper)    Turns: 795, Time: 00:01:19

Health: -1/10      AC:  2    Str:  7    XL:     1   Next: 83%
Magic:  5/5        EV: 19    Int: 14    God:
Gold:   5          SH:  0    Dex: 15    Spells: 5/5 levels left

rFire    . . .     SeeInvis +   a - +0 short sword
rCold    . . .     Gourm    .   (shield restricted)
rNeg     . . .     Faith    .   b - +0 robe
rPois    .         Spirit   .   (helmet restricted)
rElec    .         Reflect  .   (no cloak)
rCorr    .         Harm     .   (gloves unavailable)
MR       .....                  (boots unavailable)
Stlth    ++........             (no amulet)
HPRegen  0.03/turn              g - ring of stealth
MPRegen  0.09/turn              (no ring)

@: very quick
A: unfitting armour, see invisible, herbivore 3, speed 3, slow metabolism 2
a: no special abilities


You were on level 2 of the Dungeon.
You were not hungry.

You visited 1 branch of the dungeon, and saw 3 of its levels.

You collected 5 gold pieces.

Inventory:

Hand Weapons
 a - a +0 short sword (weapon)
Missiles
 e - 5 tomahawks of dispersal (quivered)
Armour
 b - a +0 robe (worn)
Jewellery
 g - a ring of stealth (left hand)
Scrolls
 d - a scroll of blinking
Books
 c - a book of Spatial Translocations

   Spells                             Type                      Level
   a - Blink                          Translocation                2
   b - Shroud of Golubria             Charms/Translocation         2
   c - Lesser Beckoning               Translocation                3
   d - Gell's Gravitas                Translocation                3
   e - Teleport Other                 Translocation                3
   f - Passage of Golubria            Translocation                4
Comestibles
 f - 2 bread rations


   Skills:
 - Level 1.5 Fighting
 + Level 2.5 Short Blades
 - Level 1.0 Throwing
 + Level 4.0 Dodging
 - Level 2.6 Spellcasting
   Level 4.4 Translocations


You had 5 spell levels left.
You didn't know any spells.

Dungeon Overview and Level Annotations

Branches:
Dungeon (3/15)

Altars:


Innate Abilities, Weirdness & Mutations

You are very small and have problems with some larger weapons.
You are too small for most types of armour.
You have supernaturally acute eyesight. (SInv)
You are a herbivore.
You cover ground extremely quickly.
You need consume almost no food.


Message History

You kill the hobgoblin!
Your Dodging skill increases to level 4!
No target in view!
No target in view!
No target in view!
Things that are here:
a club; a hobgoblin corpse You start resting.
You start resting.
f - 2 bread rations (gained 1)
A worm comes into view.
You hit the worm but do no damage. You barely miss the worm.
The worm bites you.
You hit the worm.
The worm is moderately wounded.
You hit the worm.
The worm is heavily wounded.
The worm bites you!
Ouch! That really hurt!
You die...

#################
#..........@....#
#.#########.w....#
####.# #.#####.#
#....# #.# #.####
#.# #.# #.# #.#
#.# ###.# #.#
....#


You could see a worm.

Vanquished Creatures
  A hobgoblin (D:2)
  4 jackals
5 creatures vanquished.

Notes
Turn   | Place    | Note
-------+----------+-------------------------------------------
     0 | D:1      | Ijustatesigmund the Spriggan Warper began the quest for the Orb.
     0 | D:1      | Reached XP level 1. HP: 10/10 MP: 5/5
   795 | D:2      | Slain by a worm

Vault maps used:
D:1:      moated_graveyard_arrival, minmay_hexomino_p4
D:2:      first_bread, kennysheep_flooded_box, uniq_jessica
D:3:      tgw_xom

Skill      XL: |  1 |
---------------+----+-----
Dodging        | 4 |  4.0
Fighting       | |  1.5
Short Blades   | |  2.5
Throwing       | |  1.0
Spellcasting   | |  2.6
Translocations | |  4.4

Action                   || total
-------------------------++-------
Melee: Short sword       ||    40
Armor: Robe              ||     5
Dodge: Dodged            ||    39

Table legend:
 A = Spawn XP
 B = Non-spawn XP
 C = Spawn XP percentage of total XP
 D = Spawn monster count
 E = Non-spawn monster count
 F = Spawn count percentage of total count
 G = Total turns spent on level
                    A         B        C        D         E        F      G
               +---------+---------+-------+---------+---------+-------+---------
         Total |       0 |      10 |   0.0 |       0 |       5 |   0.0 |   795
               +---------+---------+-------+---------+---------+-------+---------
           D:1 |       0 |       2 |   0.0 |       0 |       1 |   0.0 |    68
           D:2 |       0 |       8 |   0.0 |       0 |       4 |   0.0 |   702
               +---------+---------+-------+---------+---------+-------+---------
